BSA
ST. LOUIS BROWNS @ SEATTLE PIKES
06/25/2027
 
TOP OF THE 1ST
St. Louis Browns batting - Pitching for Seattle Pikes : LHP Mike Graves
Pitching: LHP Mike Graves
Batting: RHB Paco Castillo 0-0: Called Strike
0-1: Ball
1-1: Ground out 4-3 (Groundball, 4MS)
Batting: RHB Mario Rosales 0-0: Ball
1-0: Foul Ball, location: 2F
1-1: Fly out, F3 (Popup, 34)
Batting: RHB Adrian Prouse 0-0: Swinging Strike
0-1: Ball
1-1: Fly out, F9 (Line Drive, 89XD)
Top of the 1st over - 0 run(s), 0 hit(s), 0 error(s), 0 left on base; St. Louis 0 - Seattle 0
BOTTOM OF THE 1ST
Seattle Pikes batting - Pitching for St. Louis Browns : RHP Aaron Palmer
Pitching: RHP Aaron Palmer
Batting: RHB Henning Huisman 0-0: Ball
1-0: Ball
2-0: Foul Ball, location: 2F
2-1: Foul Ball, location: 2F
2-2: Foul Ball, location: 2F
2-2: Ball
3-2: Strikes out swinging
Batting: RHB António Ortega 0-0: DOUBLE (Line Drive, 7D)
Batting: SHB António Hernández 0-0: Ball
1-0: Ball
2-0: Called Strike
2-1: Ball
3-1: Base on Balls
Batting: RHB Manuel Rico 0-0: Ball
1-0: Fly out, F8 (Flyball, 8LS)
Batting: RHB Pete Rideout 0-0: Ball
1-0: Ball
2-0: Called Strike
2-1: Fly out, F7 (Flyball, 7S)
Bottom of the 1st over - 0 run(s), 1 hit(s), 0 error(s), 2 left on base; St. Louis 0 - Seattle 0
TOP OF THE 2ND
St. Louis Browns batting - Pitching for Seattle Pikes : LHP Mike Graves
Batting: RHB R.J. Parker 0-0: Called Strike
0-1: Swinging Strike
0-2: Ball
1-2: Foul Ball, location: 2F
1-2: Foul Ball, location: 2F
1-2: Ball
2-2: Ball
3-2: Base on Balls
Batting: LHB Robin Hill 0-0: Ball
1-0: Ball
2-0: Foul Ball, location: 2F
2-1: DOUBLE (Line Drive, 78D)
R.J. Parker to third
Batting: LHB Junior Coates 0-0: Swinging Strike
0-1: Ball
1-1: Ball
2-1: SINGLE (Line Drive, 56)
R.J. Parker scores
Robin Hill to third
Runner from 3rd tries for Home, SAFE, no throw
Batting: SHB Ryobe Yamamoto 0-0: SINGLE (Groundball, 34D)
Junior Coates to second
Runner from 2nd tries for 3rd, SAFE, throw made to third
Batting: RHB Anthony Rucker 0-0: Ball
1-0: Foul Ball, location: 2F
1-1: Ball
2-1: Ball
3-1: Foul Ball, location: 2F
3-2: Foul Ball, location: 2F
3-2: Grounds out, U3 (Groundball, 3L)
Junior Coates scores
Batting: LHB Tommy Evans 0-0: Called Strike
0-1: Ball
1-1: Called Strike
1-2: SINGLE (Groundball, 34) (infield hit)
Ryobe Yamamoto to third
Batting: RHB Paco Castillo 0-0: Swinging Strike
0-1: Fly out, F9 (Flyball, 9S)
Runner from 3rd tags up, SCORES, throw made
Batting: RHB Mario Rosales 0-0: Ball
1-0: Foul Ball, location: 2F
1-1: Ball
2-1: Ball
3-1: Called Strike
3-2: Fly out, F8 (Flyball, 78M)
Top of the 2nd over - 4 run(s), 4 hit(s), 0 error(s), 1 left on base; St. Louis 4 - Seattle 0
BOTTOM OF THE 2ND
Seattle Pikes batting - Pitching for St. Louis Browns : RHP Aaron Palmer
Batting: LHB Keith Tillman 0-0: Ball
1-0: Swinging Strike
1-1: Called Strike
1-2: Strikes out looking
Batting: RHB Wallace Greene 0-0: Called Strike
0-1: Ball
1-1: Foul Ball, location: 2F
1-2: TRIPLE (Line Drive, 9LS)
Batting: RHB Iván Gonzáles 0-0: Swinging Strike
0-1: Swinging Strike
0-2: Ball
1-2: Ball
2-2: Ball
3-2: Strikes out swinging
Batting: LHB John Nicholson 0-0: Ball
1-0: Called Strike
1-1: Foul Ball, location: 2F
1-2: Foul Ball, location: 2F
1-2: Strikes out swinging
Bottom of the 2nd over - 0 run(s), 1 hit(s), 0 error(s), 1 left on base; St. Louis 4 - Seattle 0
TOP OF THE 3RD
St. Louis Browns batting - Pitching for Seattle Pikes : LHP Mike Graves
Batting: RHB Adrian Prouse 0-0: Called Strike
0-1: Ball
1-1: Foul Ball, location: 2F
1-2: Ground out U3 (Groundball, 34S)
Batting: RHB R.J. Parker 0-0: Ball
1-0: Called Strike
1-1: Ball
2-1: Ball
3-1: Base on Balls
Batting: LHB Robin Hill 0-0: Called Strike
0-1: Called Strike
0-2: Ball
1-2: Foul Ball, location: 2F
1-2: Foul Ball, location: 2F
1-2: Fielders Choice at 2nd, 3-6 (Groundball, 3)
Batting: LHB Junior Coates 0-0: Ball
1-0: Foul Ball, location: 2F
1-1: Ball
2-1: Foul Ball, location: 2F
2-2: Strikes out swinging
Top of the 3rd over - 0 run(s), 0 hit(s), 0 error(s), 1 left on base; St. Louis 4 - Seattle 0
BOTTOM OF THE 3RD
Seattle Pikes batting - Pitching for St. Louis Browns : RHP Aaron Palmer
Batting: RHB Henning Huisman 0-0: Called Strike
0-1: Ball
1-1: Ball
2-1: Foul Ball, location: 2F
2-2: Strikes out swinging
Batting: RHB António Ortega 0-0: Called Strike
0-1: Ball
1-1: Foul Ball, location: 2F
1-2: Ball
2-2: Ground out 6-3 (Groundball, 56D)
Batting: SHB António Hernández 0-0: Fly out, F3 (Popup, 3S)
Bottom of the 3rd over - 0 run(s), 0 hit(s), 0 error(s), 0 left on base; St. Louis 4 - Seattle 0
TOP OF THE 4TH
St. Louis Browns batting - Pitching for Seattle Pikes : LHP Mike Graves
Batting: SHB Ryobe Yamamoto 0-0: Ball
1-0: Swinging Strike
1-1: Ball
2-1: Ball
3-1: Base on Balls
Batting: RHB Anthony Rucker 0-0: Ball
1-0: Ball
2-0: Called Strike
2-1: Called Strike
2-2: Fly out, F8 (Flyball, 78M)
Batting: LHB Tommy Evans 0-0: Fielders Choice at 2nd, 4-6 (Groundball, 4M)
Now at SS: Roberto Zamora
Batting: RHB Paco Castillo 0-0: Called Strike
Tommy Evans steals 2nd base
0-1: Foul Ball, location: 2F
0-2: Ball
1-2: Fly out, F4 (Popup, 3D)
Top of the 4th over - 0 run(s), 0 hit(s), 0 error(s), 1 left on base; St. Louis 4 - Seattle 0
BOTTOM OF THE 4TH
Seattle Pikes batting - Pitching for St. Louis Browns : RHP Aaron Palmer
Batting: RHB Manuel Rico 0-0: Ground out 6-3 (Groundball, 6)
Batting: RHB Pete Rideout 0-0: Called Strike
0-1: Ball
1-1: Ball
2-1: Foul Ball, location: 2F
2-2: Ball
3-2: Strikes out swinging
Batting: RHB Roberto Zamora 0-0: Ball
1-0: DOUBLE (Flyball, 78M)
Batting: RHB Wallace Greene 0-0: Called Strike
0-1: Ground out 5-3 (Groundball, 56S)
Bottom of the 4th over - 0 run(s), 1 hit(s), 0 error(s), 1 left on base; St. Louis 4 - Seattle 0
TOP OF THE 5TH
St. Louis Browns batting - Pitching for Seattle Pikes : LHP Mike Graves
Batting: RHB Mario Rosales 0-0: Called Strike
0-1: Fly out, F7 (Flyball, 78M)
Batting: RHB Adrian Prouse 0-0: Fly out, F9 (Flyball, 89D)
Batting: RHB R.J. Parker 0-0: Called Strike
0-1: Ball
1-1: SINGLE (Line Drive, 56D)
Batting: LHB Robin Hill 0-0: Foul Ball, location: 2F
0-1: Fly out, F7 (Flyball, 7)
Top of the 5th over - 0 run(s), 1 hit(s), 0 error(s), 1 left on base; St. Louis 4 - Seattle 0
BOTTOM OF THE 5TH
Seattle Pikes batting - Pitching for St. Louis Browns : RHP Aaron Palmer
Batting: RHB Iván Gonzáles 0-0: Called Strike
0-1: DOUBLE (Flyball, 8LXD)
Batting: LHB John Nicholson 0-0: Foul Ball, location: 2F
0-1: Ball
1-1: Ball
2-1: Ball
3-1: SINGLE (Line Drive, 56D)
Iván Gonzáles to third
Batting: RHB Henning Huisman 0-0: Ball
John Nicholson steals 2nd base
1-0: Foul Ball, location: 2F
1-1: SINGLE (Groundball, 6D)
Iván Gonzáles scores
John Nicholson to third
Runner from 3rd tries for Home, SAFE, no throw
Batting: RHB António Ortega 0-0: Ball
1-0: Ball
2-0: Called Strike
2-1: Foul Ball, location: 2F
2-2: Grounds into double play, 6-4-3 (Groundball, 56)
Batting: SHB António Hernández 0-0: SINGLE (Groundball, 56D)
Batting: RHB Manuel Rico 0-0: Ball
1-0: Called Strike
1-1: Ball
2-1: Reached on error, E6 (Groundball, 6)
António Hernández to second
Batting: RHB Pete Rideout 0-0: Foul Ball, location: 2F
0-1: Ball
1-1: Foul Ball, location: 2F
1-2: DOUBLE (Line Drive, 78S)
António Hernández scores
Manuel Rico to third
Batting: RHB Roberto Zamora 0-0: Called Strike
0-1: Ball
1-1: DOUBLE (Flyball, 78D)
Manuel Rico scores
Pete Rideout scores
Batting: RHB Wallace Greene 0-0: Swinging Strike
0-1: Called Strike
0-2: DOUBLE (Line Drive, 7LD)
Roberto Zamora scores
Pitching: RHP John Allan
Batting: RHB Iván Gonzáles 0-0: Ball
1-0: Foul Ball, location: 2F
1-1: Foul Ball, location: 2F
1-2: Ball
2-2: Ground out 5-3 (Groundball, 56S)
Bottom of the 5th over - 6 run(s), 7 hit(s), 1 error(s), 1 left on base; St. Louis 4 - Seattle 6
TOP OF THE 6TH
St. Louis Browns batting - Pitching for Seattle Pikes : LHP Mike Graves
Pitching: RHP Orlando Ojeda
Batting: LHB Junior Coates 0-0: Called Strike
0-1: Ball
1-1: Ball
2-1: Ground out 4-3 (Groundball, 4M)
Batting: SHB Ryobe Yamamoto 0-0: Ball
1-0: SINGLE (Groundball, 6D)
Batting: RHB Anthony Rucker 0-0: Called Strike
0-1: Fly out, F6 (Popup, 56D)
Batting: LHB Tommy Evans 0-0: Ball
1-0: Called Strike
1-1: Ball
2-1: Ball
3-1: Called Strike
3-2: Strikes out swinging
Top of the 6th over - 0 run(s), 1 hit(s), 0 error(s), 1 left on base; St. Louis 4 - Seattle 6
BOTTOM OF THE 6TH
Seattle Pikes batting - Pitching for St. Louis Browns : RHP John Allan
Batting: LHB John Nicholson 0-0: Called Strike
0-1: Foul Ball, location: 2F
0-2: Strikes out swinging
Batting: RHB Henning Huisman 0-0: Called Strike
0-1: Ball
1-1: Called Strike
1-2: SINGLE (Groundball, 34D)
Batting: RHB António Ortega 0-0: Ball
1-0: Called Strike
1-1: Ball
Henning Huisman steals 2nd base
2-1: Intentional Walk
Batting: SHB António Hernández 0-0: Called Strike
0-1: Ball
1-1: Fly out, F7 (Flyball, 7LM)
Batting: RHB Manuel Rico 0-0: Foul Ball, location: 2F
0-1: Foul Ball, location: 2F
0-2: Ball
1-2: Ball
2-2: Ball
3-2: SINGLE (Line Drive, 6MD)
Henning Huisman to third
António Ortega to second
Henning Huisman scores
António Ortega to third
Batting: RHB Pete Rideout 0-0: Ball
1-0: Called Strike
1-1: Foul Ball, location: 2F
1-2: Ball
2-2: Ball
3-2: Foul Ball, location: 2F
3-2: Fly out, F7 (Line Drive, 7LS)
Bottom of the 6th over - 1 run(s), 2 hit(s), 0 error(s), 2 left on base; St. Louis 4 - Seattle 7
TOP OF THE 7TH
St. Louis Browns batting - Pitching for Seattle Pikes : RHP Orlando Ojeda
Batting: RHB Paco Castillo 0-0: Ball
1-0: Fly out, F8 (Flyball, 8RM)
Batting: RHB Mario Rosales 0-0: Reached on error, E4 (Groundball, 4M)
Batting: RHB Adrian Prouse 0-0: Foul Ball, location: 2F
0-1: Ball
1-1: Ball
2-1: Ball
3-1: Base on Balls
Mario Rosales to second
Batting: RHB R.J. Parker 0-0: Ball
1-0: Ball
2-0: Ball
3-0: Called Strike
3-1: Fly out, F8 (Flyball, 78XD)
Runner from 2nd tags up, SAFE at 3rd, no throw
Batting: LHB Robin Hill 0-0: Foul Ball, location: 2F
0-1: Fly out, F8 (Line Drive, 8LM)
Top of the 7th over - 0 run(s), 0 hit(s), 1 error(s), 2 left on base; St. Louis 4 - Seattle 7
BOTTOM OF THE 7TH
Seattle Pikes batting - Pitching for St. Louis Browns : RHP John Allan
Batting: RHB Roberto Zamora 0-0: Called Strike
0-1: Foul Ball, location: 2F
0-2: Ground out 6-3 (Groundball, 6)
Batting: RHB Wallace Greene 0-0: Ball
1-0: Called Strike
1-1: Called Strike
1-2: Strikes out swinging
Batting: RHB Iván Gonzáles 0-0: Fly out, F8 (Flyball, 8RS)
Bottom of the 7th over - 0 run(s), 0 hit(s), 0 error(s), 0 left on base; St. Louis 4 - Seattle 7
TOP OF THE 8TH
St. Louis Browns batting - Pitching for Seattle Pikes : RHP Orlando Ojeda
Batting: LHB Junior Coates 0-0: Ball
1-0: Called Strike
1-1: Ball
2-1: Foul Ball, location: 2F
2-2: Ball
3-2: Strikes out swinging
Batting: SHB Ryobe Yamamoto 0-0: Swinging Strike
0-1: Ball
1-1: Ball
2-1: Swinging Strike
2-2: Ball
3-2: Base on Balls
Pitching: RHP Jesús Suárez
Batting: RHB Anthony Rucker 0-0: Called Strike
0-1: Ball
1-1: SINGLE (Line Drive, 34D)
Ryobe Yamamoto to second
Batting: LHB Tommy Evans 0-0: Ball
1-0: Ball
2-0: Ground out 3-1 (Groundball, 34S)
Ryobe Yamamoto to third
Anthony Rucker to second
Batting: RHB Paco Castillo 0-0: Ball
1-0: Swinging Strike
1-1: Swinging Strike
1-2: Ball
2-2: Ball
3-2: Strikes out swinging
Top of the 8th over - 0 run(s), 1 hit(s), 0 error(s), 2 left on base; St. Louis 4 - Seattle 7
BOTTOM OF THE 8TH
Seattle Pikes batting - Pitching for St. Louis Browns : RHP John Allan
Pitching: RHP Beau Brown
Batting: LHB John Nicholson 0-0: Ball
1-0: Ball
2-0: Ground out U3 (Groundball, 34)
Batting: RHB Henning Huisman 0-0: Ball
1-0: Called Strike
1-1: Foul Ball, location: 2F
1-2: Strikes out looking
Batting: RHB António Ortega 0-0: Foul Ball, location: 2F
0-1: Swinging Strike
0-2: Foul Ball, location: 2F
0-2: Foul Ball, location: 2F
0-2: Fly out, F7 (Flyball, 7S)
Bottom of the 8th over - 0 run(s), 0 hit(s), 0 error(s), 0 left on base; St. Louis 4 - Seattle 7
TOP OF THE 9TH
St. Louis Browns batting - Pitching for Seattle Pikes : RHP Jesús Suárez
Pitching: LHP Cristián Escobar
Batting: RHB Mario Rosales 0-0: Swinging Strike
0-1: Swinging Strike
0-2: Ball
1-2: Foul Ball, location: 2F
1-2: Foul Ball, location: 2F
1-2: Ball
2-2: Fly out, F9 (Flyball, 9S)
Batting: RHB Adrian Prouse 0-0: Swinging Strike
0-1: Ground out 1-3 (Groundball, 15)
Batting: RHB R.J. Parker 0-0: Called Strike
0-1: Ball
1-1: Foul Ball, location: 2F
1-2: Foul Ball, location: 2F
1-2: Ball
2-2: Ground out 5-3 (Groundball, 5)
Top of the 9th over - 0 run(s), 0 hit(s), 0 error(s), 0 left on base; St. Louis 4 - Seattle 7
Thursday, March 30th, 2017 - OOTP Baseball 17.12 Build 75